 Dungeon Crawl Stone Soup version 0.29.1-2-gbd0b4ee654 (webtiles) character file.

Game seed: 5069268761555591624

4251 hawla the Frost Mage (level 10, -2/74 HPs)
             Began as a Meteoran Ice Elementalist on Oct 28, 2022.
             Was a Believer of Vehumet.
             Slain by a warg (15 damage)
             ... on level 9 of the Dungeon.
             The game lasted 00:25:34 (4884 turns).

hawla the Frost Mage (Meteoran Ice Elementalist)    Turns: 4884, Time: 00:25:35

Health: -2/74      AC:  5    Str:  8    XL:     10   Next: 86%
Magic:  23/23      EV: 14    Int: 21    God:    Vehumet [**....]
Gold:   141        SH:  0    Dex: 21    Spells: 18/26 levels left

rFire   . . .      SeeInvis .   G - staff of cold
rCold   + . .      Faith    .   (no shield)
rNeg    . . .      Spirit   .   a - +0 robe
rPois   .          Reflect  .   (helmet restricted)
rElec   .          Harm     .   (no cloak)
rCorr   +          Rampage  .   g - +2 pair of gloves
Will    +....                   (no boots)
Stlth   +.........              e - amulet of magic regeneration
HPRegen 0.22/turn               v - +6 ring of dexterity
MPRegen 0.58/turn               q - ring of resist corrosion

@: about to teleport, glowing
A: sense surroundings 2, otherworldly, glowing, explore regen, antennae 1, weak
1
a: Renounce Religion


You were on level 9 of the Dungeon.
You worshipped Vehumet.
Vehumet was pleased with you.
You visited 2 branches of the dungeon, and saw 10 of its levels.
You also visited: Bailey.

You collected 566 gold pieces.
You spent 425 gold pieces at shops.

Inventory:

Hand Weapons
 b - the +9 whip "Egrovumo" {drain, rC- Str+5}
   (You found it on level 3 of the Dungeon)

   A truly terrible weapon, it drains the life of any living foe it strikes.
   Str:       It affects your strength (+5).
   rC:        It makes you vulnerable to cold.
 r - a +0 eveningstar
Armour
 a - a +0 robe (worn)
 g - a +2 pair of gloves (worn)
Magical Staves
 z - a staff of death
 G - a staff of cold (weapon)
Jewellery
 e - an amulet of magic regeneration (around neck)
 q - a ring of resist corrosion (right hand)
 v - a +6 ring of dexterity (left hand)
 A - a +6 ring of strength
 F - an amulet of reflection
Wands
 t - a wand of iceblast (5)
Scrolls
 c - a scroll of immolation {unknown}
 d - a scroll of magic mapping {unknown}
 j - a scroll of poison
 m - 4 scrolls of teleportation
 o - 3 scrolls of enchant weapon
 u - 2 scrolls of vulnerability
 w - 2 scrolls of enchant armour {unknown}
 y - 2 scrolls of acquirement {unknown}
 C - a scroll of fear {unknown}
Potions
 f - a potion of flight
 i - a potion of invisibility
 k - 4 potions of might {unknown}
 l - a potion of magic
 n - 2 potions of brilliance
 p - 4 potions of berserk rage
 s - 2 potions of cancellation {unknown}
 x - a potion of haste
 B - 2 potions of heal wounds {unknown}
 E - a potion of ambrosia {unknown}


   Skills:
 - Level 2.4 Fighting
 - Level 3.7 Maces & Flails
 - Level 4.2 Dodging
 - Level 1.4 Stealth
 - Level 8.9 Spellcasting
 - Level 5.1 Conjurations
 + Level 0.8 Necromancy
 - Level 12.5 Ice Magic
 + Level 1.6 Evocations


You had 18 spell levels left.
You knew the following spells:

 Your Spells              Type           Power      Damage    Failure   Level
a - Freeze                Ice            100%       1d11      1%          1
b - Frozen Ramparts       Ice            100%       1d16      1%          3
c - Hailstorm             Conj/Ice       63%        3d13      1%          4

Your spell library contained the following spells:

 Spells                   Type           Power      Damage    Failure   Level
 Poisonous Vapours        Pois/Air       18%        N/A       11%         2
 Ozocubu's Armour         Ice            75%        N/A       1%          3
 Stone Arrow              Conj/Erth      40%        3d9       8%          3
 Blink                    Tloc           18%        N/A       11%         2
 Call Canine Familiar     Summ           9%         N/A       22%         3
 Gell's Gravitas          Tloc           9%         N/A       22%         3
 Lesser Beckoning         Tloc           9%         N/A       22%         3
 Portal Projectile        Hex/Tloc       18%        N/A       22%         3
 Teleport Other           Tloc           9%         N/A       22%         3
 Animate Armour           Summ/Erth      18%        N/A       58%         4
 Leda's Liquefaction      Hex/Erth       4%         N/A       58%         4
 Manifold Assault         Tloc           9%         N/A       90%         5
 Storm Form               Tmut/Air       4%         N/A       100%        7
 Lehudib's Crystal Spear  Conj/Erth      10%        10d4      100%        8


Dungeon Overview and Level Annotations

Branches:
Dungeon (9/15) Zot: 709    Temple (1/1) D:5 Zot: 533     Orc (0/2) D:9
 Bailey (visited)
   Lair: D:8-11

Altars:
Ashenzari
Dithmenos
Gozag
Hepliaklqana
Kikubaaqudgha
Makhleb
Nemelex Xobeh
Qazlal
Ru
Sif Muna
Trog
Vehumet
Wu Jian
Xom
Zin
The Shining One

Shops:
D:2 *   D:7 **   D:8 **


Innate Abilities, Weirdness & Mutations

You passively map the area around you.
You are easily found by Zot.
You glow in the dark.
You regain HP and MP as you explore.
You have a pair of small antennae on your head.
You are weak. (Str -2)


Message History

The warg is severely wounded.
The warg misses you. The warg bites you!
Casting: Hailstorm (dangerous; 1% risk of failure)
Confirm with . or Enter, or press ? or * to list all spells.
Casting: Hailstorm (dangerous; 1% risk of failure)
Press: ? - help, Dir - look around, f - activate You feel a surge of power!
A cannonade of hail descends around you!
The hail pelts the warg!!
You kill the warg!
Vehumet accepts your kill.
You feel your power returning. The warg bites you! The warg bites you.
You hit the warg but do no damage.
The warg is almost dead.
The warg bites you. The warg barely misses you. The warg bites you!
You are too injured to fight recklessly!
The warg bites you.
Found a human corpse.
A boulder beetle comes into view.
The warg bites you!
Found 2 potions of attraction.
Found an escape hatch in the ceiling.
The warg bites you but does no damage. The warg bites you!
* * * LOW HITPOINT WARNING * * *
The boulder beetle curls into a ball and begins rolling!
As you read the scroll of summoning, it crumbles to dust.
Wisps of shadow whirl around you... The warg bites you.
* * * LOW HITPOINT WARNING * * *
The warg bites you!
* * * LOW HITPOINT WARNING * * *
As you read the scroll of teleportation, it crumbles to dust.
You feel strangely unstable. The warg bites you but does no damage.
The warg closely misses you.
Your kobold barely misses the warg.
Your kobold throws a stone.
The stone hits the warg but does no damage.
Your orc wizard barely misses the warg.
Your orc completely misses the warg.
Your kobold brigand hits the warg with a +0 short sword.
You feel better. The warg completely misses you. The warg bites you.
* * * LOW HITPOINT WARNING * * *
The warg bites you!
You die...

*####.....(..#
* * ~ ,
#...........#
, , ,
#.>.........#,
, , ,
#.....!.....#_
~ , ,, , ,
*..#.K....o.#,
, , ,,
#.......K...#,
,, ~ ,
..##..KKoKK.##
* ,, *
#...Khho..# ,
, + *
######@#### ,
, ** #......#
* * * , *
*#.##B..# , *
<.. *○..# *
..# °..# *,
#.#* *°†.# ,
+** #+ ...# **
* ,, , * * , ,
.!.# , , ,,,,
* ,* , ,,


You could see a boulder beetle (rolling), 2 wargs, a friendly kobold brigand
(summoned), a friendly orc wizard (summoned), 2 friendly orcs and 6 friendly
kobolds.

Vanquished Creatures
  A vault guard (Bailey)
  Pikel (D:5)
  Prince Ribbit (Bailey)
  4 humans (Bailey)
  A warg (D:9)
  A water moccasin (D:6)
  2 orc warriors (D:8)
  3 sky beasts
  An ice beast (D:4)
  2 ogres
  A centaur (D:8)
  3 lemures (D:5)
  A phantom (D:4)
  2 kobold brigands
  6 bullfrogs
  2 howler monkeys
  A crimson imp (D:3)
  3 jellies
  A gnoll bouda (D:6)
  3 orc priests (D:8)
  2 hounds
  4 iguanas
  2 orc wizards
  8 gnolls
  7 adders
  2 white imps
  An ufetubus (D:6)
  3 worms
  3 dart slugs
  41 orcs
  5 ball pythons
  4 bats
  3 endoplasms
  3 giant cockroaches
  14 goblins
  10 hobgoblins
  4 jackals
  6 quokkas
  2 frilled lizards (D:2)
  23 kobolds
  3 rats
190 creatures vanquished.

Vanquished Creatures (others)
  3 plants (D:3)
3 creatures vanquished.

Grand Total: 193 creatures vanquished

Notes
Turn   | Place    | Note
-------+----------+-------------------------------------------
     0 | D:1      | hawla the Meteoran Ice Elementalist began the quest for the
                  | Orb.
     0 | D:1      | Reached XP level 1. HP: 14/14 MP: 5/5
    63 | D:1      | Reached XP level 2. HP: 20/20 MP: 4/6
   110 | D:1      | Found a faded altar of an unknown god.
   294 | D:1      | Reached XP level 3. HP: 26/26 MP: 5/8
   301 | D:1      | Reached skill level 5 in Ice Magic
   305 | D:1      | Learned a level 3 spell: Frozen Ramparts
   500 | D:1      | Glimpsed the power of Zot.
   748 | D:2      | Reached XP level 4. HP: 33/33 MP: 5/9
   753 | D:2      | Learned a level 4 spell: Hailstorm
   935 | D:2      | Found Conusolipp's Assorted Antiques.
   943 | D:2      | Bought an emerald potion for 25 gold pieces
   943 | D:2      | Bought a coppery potion for 25 gold pieces
   943 | D:2      | Bought a scroll labelled RUPALU ZILLAHOCW for 28 gold
                  | pieces
   943 | D:2      | Bought a smoky white potion for 25 gold pieces
   943 | D:2      | Bought a scroll labelled OTIP TOCUVVEI for 28 gold pieces
  1100 | D:2      | Glimpsed the power of Zot.
  1227 | D:3      | Noticed an ogre
  1238 | D:3      | Killed an ogre
  1239 | D:3      | Reached skill level 6 in Ice Magic
  1239 | D:3      | Reached XP level 5. HP: 38/38 MP: 1/10
  1239 | D:3      | Reached XP level 6. HP: 45/45 MP: 1/11
  1336 | D:3      | Identified the +9 whip "Egrovumo" {drain, rC- Str+5}
  1351 | D:3      | Reached skill level 7 in Ice Magic
  1434 | D:3      | Found a burning altar of Makhleb.
  1434 | D:3      | Found a shimmering altar of Xom.
  1441 | D:3      | Reached skill level 1 in Conjurations
  1459 | D:3      | You fall into a shaft and drop 1 floor!
  1558 | D:4      | Reached XP level 7. HP: 17/50 MP: 12/12
  1632 | D:4      | Reached skill level 8 in Ice Magic
  2247 | D:5      | Entered Level 5 of the Dungeon
  2296 | D:5      | Reached skill level 9 in Ice Magic
  2296 | D:5      | Reached XP level 8. HP: 48/57 MP: 2/13
  2370 | D:5      | Noticed Pikel
  2382 | D:5      | Killed Pikel
  2383 | D:5      | Reached skill level 1 in Fighting
  2383 | D:5      | Reached skill level 10 in Ice Magic
  2568 | D:5      | Found a staircase to the Ecumenical Temple.
  2604 | Temple   | Entered the Ecumenical Temple
  2661 | Temple   | Became a worshipper of Vehumet
  2710 | D:5      | Gained mutation: You passively map the area around you.
                  | [Meteoran growth]
  2710 | D:5      | Reached XP level 9. HP: 57/64 MP: 16/16
  2961 | D:5      | Glimpsed the power of Zot.
  3166 | D:6      | Found a stormy altar of Qazlal.
  3250 | D:6      | Reached skill level 5 in Spellcasting
  3561 | D:6      | Glimpsed the power of Zot.
  3568 | D:7      | Found a flagged portal.
  3578 | Bailey   | Entered a bailey
  3614 | Bailey   | Reached * piety under Vehumet
  3614 | Bailey   | Offered knowledge of Sandblast by Vehumet.
  3615 | Bailey   | Reached skill level 11 in Ice Magic
  3645 | Bailey   | Reached XP level 10. HP: 68/73 MP: 14/20
  3672 | Bailey   | Noticed Prince Ribbit
  3672 | Bailey   | Noticed a vault guard
  3680 | Bailey   | Killed Prince Ribbit
  3684 | Bailey   | Killed a vault guard
  3685 | Bailey   | Reached skill level 12 in Ice Magic
  3861 | D:7      | Found a glowing golden altar of the Shining One.
  3924 | D:7      | Found Keclet's Specific Store.
  3932 | D:7      | Found Qoivuese's General Store.
  3936 | D:7      | Bought a scroll of teleportation for 39 gold pieces
  3936 | D:7      | Bought a scroll of identify for 26 gold pieces
  4148 | D:7      | Reached skill level 1 in Evocations
  4180 | D:8      | Offered knowledge of Static Discharge by Vehumet.
  4182 | D:8      | Reached ** piety under Vehumet
  4260 | D:8      | Gained mutation: You are weak. (Str -2) [potion of
                  | mutation]
  4260 | D:8      | Gained mutation: You have a pair of small antennae on your
                  | head. [potion of mutation]
  4305 | D:8      | Found Owa Mop's Assorted Antiques.
  4309 | D:8      | Bought a scroll labelled XUANWA REDI for 28 gold pieces
  4309 | D:8      | Bought a wand of iceblast (3) for 201 gold pieces
  4325 | D:8      | Found a sparkling altar of Nemelex Xobeh.
  4333 | D:8      | Found a glowing silver altar of Zin.
  4504 | D:8      | Found Sano's General Store.
  4534 | D:8      | Reached skill level 5 in Conjurations
  4717 | D:8      | Offered knowledge of Poisonous Vapours by Vehumet.
  4871 | D:9      | Found a staircase to the Orcish Mines.
  4880 | D:9      | Noticed a boulder beetle
  4882 | D:9      | HP: 3/74 [warg (8)]
  4884 | D:9      | Slain by a warg

Illustrated notes

Levels and vault maps discovered:
D:1:      minmay_arrival_pointy, layout_basic,
          ebering_ecumenical_altar_petrified
D:2:      layout_loops_cross, serial_shops, nicolae_lakefront_shop
D:3:      layout_rooms, grunt_temple_overflow_champion_of_chaos, serial_forest,
          infiniplex_forest_straight_3, infiniplex_forest_straight_4,
          infiniplex_forest_lined_ring, infiniplex_forest_end_2,
          infiniplex_forest_clump_medium, minmay_distorted
D:4:      layout_basic
D:5:      layout_basic, minmay_temple_entry_slanted, uniq_pikel
D:6:      minmay_chambers_of_sixes, layout_basic,
          nicolae_qazlal_general_emergency
D:7:      layout_basic, nicolae_tso_carved_into_rock, enter_bailey_4,
          nicolae_specific_store, lemuel_flamethrower_1
D:8:      layout_loops_cross, mainiacjoe_overflow_large_starburst, special_room
          [special_room_orc], serial_shops, nicolae_take_the_stairs, shop,
          lightli_orcish_oven
D:9:      layout_roguey, minitemple, nicolae_uskayaw_suspiria,
          amcnicky_altar_gilded, marbit_many_paths, minmay_orc_entry_guard_dogs,
          chequers_serial_rivers_small_a, nzn_sisyphean_effort
Temple:   chequers_temple_sunken

Skill      XL: |  1  2  3  4  5  6  7  8  9 10 |
---------------+-------------------------------+-----
Spellcasting   | 3 4 6 8 |  8.9
Ice Magic      | 5 6 7 9 10 11 12 | 12.5
Conjurations   | 1 2 4 5 |  5.1
Fighting       | 1 2 |  2.4
Maces & Flails | 2 3 |  3.7
Dodging        | 3 4 |  4.2
Evocations     | 1 |  1.6
Stealth        | |  1.4
Necromancy     | |  0.8

Action                   |  1- 3 |  4- 6 |  7- 9 | 10-12 || total
-------------------------+-------+-------+-------+-------++-------
Melee: Unarmed           |     8 |     5 |       |       ||    13
       Whip              |       |     8 |    64 |    27 ||    99
       Staff             |       |       |       |     1 ||     1
 Cast: Freeze            |    20 |    24 |     4 |     3 ||    51
       Frozen Ramparts   |     8 |    11 |    21 |     9 ||    49
       Hailstorm         |       |    11 |    24 |    30 ||    65
Evoke: Wand              |       |       |       |     3 ||     3
  Use: Scroll            |       |     5 |     7 |     4 ||    16
       Potion            |       |     1 |     1 |     2 ||     4
Armor: Robe              |     6 |    13 |    18 |    10 ||    47
       Skin              |       |       |    13 |       ||    13
Dodge: Dodged            |    18 |    12 |    31 |    22 ||    83
